 Dungeon Crawl Stone Soup version 0.23.0 (webtiles) character file.

Game seed: 8406858533303899145

3565 poirepourri the Basher (level 10, -7/73 HPs)
             Began as a Gargoyle Fighter on Feb 9, 2019.
             Was a Believer of Cheibriados.
             Mangled by a death yak (15 damage)
             ... on level 7 of the Dungeon.
             The game lasted 00:08:22 (6930 turns).

poirepourri the Basher (Gargoyle Fighter)           Turns: 6930, Time: 00:08:23

Health: -7/73      AC: 19    Str: 24 (25) XL:     10   Next: 9%
Magic:  10/10      EV:  8    Int: 16      God:    Cheibriados [**....]
Gold:   353        SH: 12    Dex: 23      Spells: 9/9 levels left

rFire    + . .     SeeInvis .   a - +2 flail
rCold    . . .     Gourm    +   c - +1 shield
rNeg     + . .     Faith    .   j - +1 ring mail {rC+}
rPois    ∞         Spirit   .   (no helmet)
rElec    +         Reflect  .   w - +0 cloak
rCorr    .         Harm     .   (no gloves)
MR       .....                  k - +0 pair of boots
Stlth    +.........             A - amulet of the gourmand
HPRegen  0.22/turn              p - +5 ring of dexterity
MPRegen  0.12/turn              n - ring of fire

@: very slow
A: iridescent scales 1, rugged brown scales 1, deterioration 1, negative energy
resistance 1, robust 1, electricity resistance, unbreathing, petrification
resistance, rot immunity, AC +7
a: Bend Time, Renounce Religion


You were on level 7 of the Dungeon.
You worshipped Cheibriados.
Cheibriados was pleased with you.
You were not hungry.

You visited 2 branches of the dungeon, and saw 9 of its levels.

You collected 353 gold pieces.

Inventory:

Hand Weapons
 a - a +2 flail (weapon)
Missiles
 o - 2 silver javelins (quivered)
 z - 6 tomahawks of dispersal
Armour
 c - a +1 shield (worn)
 j - a +1 ring mail of cold resistance (worn)
 k - a +0 pair of boots (worn)
 w - a +0 cloak (worn)
Jewellery
 n - a ring of fire (right hand)
 p - a +5 ring of dexterity (left hand)
 A - an amulet of the gourmand (around neck)
Wands
 d - a wand of flame (21)
 u - a wand of polymorph (7)
 v - a wand of digging (3)
 x - a wand of iceblast (10)
Scrolls
 e - 2 scrolls of fog
 g - 2 scrolls of teleportation
 s - 3 scrolls of remove curse
 C - a scroll of blinking
Potions
 b - a potion of curing
 h - 2 potions of magic
 i - a potion of resistance
 l - a potion of ambrosia {unknown}
 m - a potion of berserk rage {unknown}
 q - 3 potions of brilliance
 r - a potion of haste
 t - a potion of heal wounds {unknown}
Comestibles
 f - 11 rations


   Skills:
 + Level 8.6 Fighting
 - Level 12.1 Maces & Flails
 - Level 3.2 Armour
 - Level 3.2 Shields


You had 9 spell levels left.
You didn't know any spells.
Your spell library was empty.

Dungeon Overview and Level Annotations

Branches:
Dungeon (8/15)             Temple (1/1) D:5
   Lair: D:8-11

Altars:
Ashenzari
Cheibriados
Dithmenos
Elyvilon
Fedhas
Gozag
Hepliaklqana
Kikubaaqudgha
Makhleb
Nemelex Xobeh
Okawaru
Qazlal
Sif Muna
Trog
Uskayaw
Vehumet
Wu Jian
Xom
Yredelemnul
Zin
The Shining One

Shops:
D:6 (


Innate Abilities, Weirdness & Mutations

You are resistant to torment.
Your stone body is resilient. (AC +7)
You are immune to poison.
You resist negative energy. (rN+)
You are resistant to electric shocks. (rElec)
You can survive without breathing.
You are immune to petrification.
You are immune to rotting.
You are partially covered in iridescent scales. (AC +2)
You are partially covered in rugged brown scales. (AC +1, +3% HP)
Your body sometimes deteriorates upon taking damage.
You are robust. (+10% HP)


Message History

The death yak is heavily wounded.
The porcupine barely misses you. You block the death yak's attack.
You hit the death yak.
The death yak is heavily wounded.
The porcupine bites you!
The death yak gores you but does no damage.
You thump the death yak!
The death yak is heavily wounded.
The porcupine barely misses you. The death yak gores you!
* * * LOW HITPOINT WARNING * * *
You hit the death yak.
The death yak is heavily wounded.
The porcupine bites you but does no damage.
The death yak barely misses you. The porcupine bites you!
* * * LOW HITPOINT WARNING * * *
You barely miss the death yak.
The death yak is heavily wounded.
The porcupine bites you but does no damage.
The death yak gores you!
You die...

......>..###..........<..........
.....####.#.###............####..
.>...####.......####...######....
...........###### #...# #.##.
##########.# #††.# #.##. #####
#.# ##>†.### #.##. ....# #.#
#......# #.#.. ###.#
#.########...##.## #....
###.######.##..r@.........# #....
#..........##..Y..........###.##.
#.#.#########.##.................
..#.# #.##..........###.... ....#
#.##..........# #.... #####
######.........##### #.#..
#.....#........# #.##.
#.####..#.##...# #.##.
#.#####.#.####.# #....


You could see a death yak and a porcupine.

Vanquished Creatures
  The ghost of Jaiteiro the Spear-Bearer, a novice FoFi of Qazlal (D:7)
  A sky beast (D:7)
  4 ice beasts
  An orc warrior (D:4)
  A phantom (D:5)
  3 ogres
  3 big kobolds (D:6)
  2 bullfrogs
  A scorpion (D:5)
  5 killer bees
  2 howler monkeys
  3 crimson imps
  2 bullfrog zombies
  5 hounds
  8 orc priests
  3 bullfrog skeletons (D:4)
  Terence (D:3)
  4 iguanas
  5 orc wizards
  5 worker ants
  A hell rat (D:7)
  A bullfrog simulacrum (D:7)
  Robin (D:2)
  A howler monkey zombie (D:4)
  6 worker ant zombies (D:4)
  3 gnolls (D:3)
  8 adders
  2 shadow imps (D:7)
  4 white imps (D:7)
  3 oozes (D:1)
  2 adder zombies (D:4)
  3 adder skeletons (D:4)
  A worm (D:4)
  2 dart slugs
  2 leopard geckos (D:1)
  24 orcs
  6 giant cockroaches
  15 goblins
  7 hobgoblins
  5 kobolds
  2 quokkas (D:7)
  4 bats
  7 frilled lizards
  A giant cockroach zombie (D:4)
  A jackal zombie (D:4)
  A quokka zombie (D:4)
  5 rats
178 creatures vanquished.

Vanquished Creatures (others)
  A human (D:3)
  An orc wizard (D:4)
2 creatures vanquished.

Grand Total: 180 creatures vanquished

Notes
Turn   | Place    | Note
-------+----------+-------------------------------------------
     0 | D:1      | poirepourri the Gargoyle Fighter began the quest for the
                  | Orb.
     0 | D:1      | Reached XP level 1. HP: 14/14 MP: 1/1
   120 | D:1      | Reached XP level 2. HP: 16/19 MP: 2/2
   287 | D:1      | Reached skill level 3 in Maces & Flails
   305 | D:1      | Reached XP level 3. HP: 21/23 MP: 3/3
   836 | D:2      | Reached skill level 4 in Maces & Flails
   877 | D:2      | Reached XP level 4. HP: 27/28 MP: 4/4
   943 | D:2      | Noticed Robin
  1037 | D:2      | Killed Robin
  1192 | D:2      | You fall through a shaft!
  1364 | D:3      | Noticed Terence
  1375 | D:3      | Killed Terence
  1375 | D:3      | Reached skill level 5 in Maces & Flails
  1375 | D:3      | Reached XP level 5. HP: 30/32 MP: 5/5
  1485 | D:3      | Found an ancient bone altar of Kikubaaqudgha.
  1748 | D:3      | Noticed a human
  1749 | D:3      | Killed a human
  1934 | D:4      | Noticed an ogre
  2085 | D:3      | Reached skill level 6 in Maces & Flails
  2085 | D:3      | Reached XP level 6. HP: 15/37 MP: 6/6
  2487 | D:4      | Reached skill level 7 in Maces & Flails
  2530 | D:4      | Reached XP level 7. HP: 29/41 MP: 7/7
  2658 | D:4      | Reached skill level 8 in Maces & Flails
  2857 | D:4      | Reached skill level 9 in Maces & Flails
  2857 | D:4      | Reached XP level 8. HP: 34/46 MP: 8/8
  2973 | D:4      | Found a hazy altar of Hepliaklqana.
  3053 | D:5      | Entered Level 5 of the Dungeon
  3137 | D:5      | Found a staircase to the Ecumenical Temple.
  3180 | D:5      | Found a shadowy altar of Dithmenos.
  3220 | Temple   | Entered the Ecumenical Temple
  3293 | Temple   | Became a worshipper of Cheibriados the Contemplative
  3459 | D:5      | Reached skill level 10 in Maces & Flails
  4133 | D:5      | Found a hide-covered altar of Uskayaw.
  4133 | D:5      | Noticed a +0 hand axe
  4133 | D:5      | Noticed a +0 hand axe
  4306 | D:5      | Reached skill level 11 in Maces & Flails
  4307 | D:5      | Reached * piety under Cheibriados
  4491 | D:5      | Found a glowing silver altar of Zin.
  4591 | D:5      | Reached XP level 9. HP: 51/51 MP: 9/9
  4737 | D:6      | Found Xuhint's Antique Weapon Shoppe.
  4830 | D:6      | Found a shimmering altar of Xom.
  5464 | D:7      | Found a runed translucent gate.
  5464 | D:7      | Found a runed translucent gate.
  5464 | D:7      | Found a runed translucent gate.
  5589 | D:7      | Noticed Jaiteiro's ghost (novice FoFi)
  5664 | D:7      | Reached ** piety under Cheibriados
  5692 | D:7      | Reached skill level 12 in Maces & Flails
  6003 | D:7      | Gained mutation: You are partially covered in rugged brown
                  | scales. (AC +1, +3% HP) [potion of mutation]
  6003 | D:7      | Gained mutation: Your body sometimes deteriorates upon
                  | taking damage. [potion of mutation]
  6003 | D:7      | Gained mutation: You are robust. (+10% HP) [potion of
                  | mutation]
  6003 | D:7      | Gained mutation: You are partially covered in iridescent
                  | scales. (AC +2) [potion of mutation]
  6026 | D:7      | Killed Jaiteiro's ghost
  6345 | D:7      | Reached XP level 10. HP: 38/72 MP: 10/10
  6884 | D:8      | Noticed a death yak
  6885 | D:8      | Noticed a death yak
  6889 | D:8      | Noticed a death yak
  6930 | D:7      | Mangled by a death yak

Skill      XL: |  1  2  3  4  5  6  7  8  9 10 |
---------------+-------------------------------+-----
Maces & Flails | 3 4 5 6 7 9 11 12 | 12.1
Fighting       | 7 8 |  8.6
Armour         | |  3.2
Shields        | |  3.2

Action                   |  1- 3 |  4- 6 |  7- 9 | 10-12 || total
-------------------------+-------+-------+-------+-------++-------
Melee: Flail             |   110 |   197 |   472 |    65 ||   844
Evoke: Wand              |       |     3 |       |       ||     3
  Use: Scroll            |     7 |     1 |     7 |     1 ||    16
       Potion            |       |     2 |     3 |       ||     5
  Eat: Chunk             |       |     2 |     2 |       ||     4
       Ration            |       |     1 |     3 |       ||     4
Armor: Scale mail        |    62 |       |       |       ||    62
       Ring mail         |       |    89 |   187 |    40 ||   316
       Skin              |       |       |    12 |       ||    12
Dodge: Dodged            |    36 |    62 |   122 |    44 ||   264
Block: Shield            |    68 |    88 |   231 |    64 ||   451
